 Dungeon Crawl Stone Soup version 0.25-a0-598-gc9c9e4cfe1 (webtiles) character file.

Game seed: 4870503161121940190, levelgen mode: deterministic

462470 StormphoenixUK the Hoplite (level 23, 0/337 HPs)
             Began as a Minotaur Berserker on Mar 15, 2020.
             Was the Champion of Trog.
             Succumbed to an emperor scorpion's poison
             ... on level 1 of the Crypt.
             The game lasted 03:03:20 (51495 turns).

StormphoenixUK the Hoplite (Minotaur Berserker)    Turns: 51495, Time: 03:03:21

Health: 0/337      AC: 35    Str: 36      XL:     23   Next: 10%
Magic:  7/26       EV: 17    Int: 13      God:    Trog [******]
Gold:   4878       SH: 29    Dex: 23 (25) Spells: 22/22 levels left

rFire    + + +     SeeInvis +   J - +13 demon whip of Purpose {flame, rElec Int+2 Stlth+}
rCold    + + +     Gourm    .   b - +0 tower shield
rNeg     + . .     Faith    +   R - +5 gold dragon scales
rPois    +         Spirit   .   s - -2 hat of the Alchemist {rElec rPois rF+ rC+ rN+ MR+ rMut rCorr}
rElec    +         Reflect  .   n - +3 cloak of Light {rC+ Str+10 Int+3}
rCorr    +         Harm     .   W - +0 pair of gloves {Str+3}
rMut     +                      a - +0 pair of boots
MR       ++++.                  j - amulet "Ichal" {Faith rPois Int-3 Dex+6}
Stlth    ..........             i - ring "Woitoc" {+Inv rF+ Dex+3 SInv}
HPRegen  0.66/turn              D - ring of Povohio {MR++ AC-3}
MPRegen  0.20/turn

@: berserking (expiring), lethally poisoned (0 -> -13), very quick
A: retaliatory headbutt, horns 2, molten scales 1, clever 2
}: 3/15 runes: decaying, serpentine, silver
a: Berserk, Trog's Hand, Brothers in Arms, Renounce Religion, Evoke Invisibility


You were on level 1 of the Crypt.
You worshipped Trog.
Trog was exalted by your worship.
You were not hungry.

You visited 8 branches of the dungeon, and saw 39 of its levels.
You also visited: Bailey, Gauntlet and Ice Cave.

You collected 5874 gold pieces.
You spent 996 gold pieces at shops.

Inventory:

Hand Weapons
 J - the +13 demon whip of Purpose (weapon) {flame, rElec Int+2 Stlth+}
   (Trog gifted it to you on level 4 of the Vaults)

   It has been specially enchanted to burn those struck by it, causing extra
   injury to most foes and up to half again as much damage against particularly
   susceptible opponents.
   It affects your intelligence (+2).
   It insulates you from electricity.
   It makes you more stealthy.
 Z - the +10 trident of Fate {flame, rF+++ rC- rN+ Str+5}
   (You took it off a yaktaur on level 5 of the Vaults)

   It has been specially enchanted to burn those struck by it, causing extra
   injury to most foes and up to half again as much damage against particularly
   susceptible opponents.
   It affects your strength (+5).
   It renders you almost immune to fire.
   It makes you vulnerable to cold.
   It protects you from negative energy.
Missiles
 p - 84 poisoned darts (quivered)
Armour
 a - a +0 pair of boots (worn)
 b - a +0 tower shield (worn)
 n - the +3 cloak of Light (worn) {rC+ Str+10 Int+3}
   (You bought it in a shop on level 2 of the Orcish Mines)

   It affects your strength (+10).
   It affects your intelligence (+3).
   It protects you from cold.
 s - the -2 hat of the Alchemist (worn) {rElec rPois rF+ rC+ rN+ MR+ rMut rCorr}
   (You found it on level 5 of the Vaults)

   It protects you from fire.
   It protects you from cold.
   It insulates you from electricity.
   It protects you from poison.
   It protects you from negative energy.
   It affects your resistance to hostile enchantments.
   It provides partial protection from all sources of acid and corrosion.
   It protects you from mutation.
 A - a scarf of resistance
 R - +5 gold dragon scales (worn)
 W - a +0 pair of gloves of strength (worn)
Jewellery
 i - the ring "Woitoc" (left hand) {+Inv rF+ Dex+3 SInv}
   (You took it off an ironbrand convoker on level 5 of the Vaults)

   [ring of protection from fire]

   It affects your dexterity (+3).
   It protects you from fire.
   It lets you see invisible.
   It lets you turn invisible.
 j - the amulet "Ichal" (around neck) {Faith rPois Int-3 Dex+6}
   (You took it off a vault guard on level 5 of the Vaults)

   [amulet of faith]

   It allows you to gain divine favour quickly.
   It affects your intelligence (-3).
   It affects your dexterity (+6).
   It protects you from poison.
 u - an uncursed ring of protection from cold
 D - the ring of Povohio (right hand) {MR++ AC-3}
   (You took it off a yaktaur on level 2 of the Vaults)

   [ring of protection]

   It affects your AC (-3).
   It affects your resistance to hostile enchantments.
 K - an uncursed ring of positive energy
Wands
 m - a wand of digging (6)
 x - a wand of iceblast (26)
 L - a wand of random effects (16)
 O - a wand of acid (15)
 P - a wand of polymorph (10)
 T - a wand of disintegration (68)
 U - a wand of flame (12)
 X - a wand of paralysis (8)
Scrolls
 d - 14 scrolls of remove curse
 f - a scroll of enchant armour
 h - 8 scrolls of magic mapping
 r - 5 scrolls of enchant weapon
 t - 14 scrolls of teleportation
 z - 7 scrolls of fog
 G - 5 scrolls of fear
 H - 17 scrolls of identify
 N - a scroll of blinking
 Y - a scroll of summoning
Potions
 e - 6 potions of ambrosia
 g - 10 potions of curing
 k - 2 potions of mutation
 l - a potion of heal wounds
 o - 7 potions of lignification
 B - 2 potions of cancellation
 C - 3 potions of flight
 F - a potion of magic
 I - 2 potions of invisibility
 M - a potion of berserk rage
Comestibles
 c - 37 rations


   Skills:
 + Level 22.8 Fighting
 - Level 18.7 Maces & Flails
 + Level 22.7 Armour
 - Level 11.7 Dodging
 + Level 25.6 Shields
 - Level 5.6 Evocations


You had 22 spell levels left.
You didn't know any spells.
Your spell library was empty.

Dungeon Overview and Level Annotations

Branches:
Dungeon (15/15)            Temple (1/1) D:7            Lair (6/6) D:11
  Swamp (4/4) Lair:3        Snake (4/4) Lair:3        Slime (0/5) Lair:5
    Orc (2/2) D:9             Elf (0/3) Orc:2        Vaults (5/5) D:14
  Crypt (2/3) Vaults:3     Depths (0/5) D:15         Bailey (visited)
  IceCv (visited)         Gauntlet (visited)

Altars:
Ashenzari
Cheibriados
Dithmenos
Elyvilon
Fedhas
Gozag
Hepliaklqana
Kikubaaqudgha
Makhleb
Nemelex Xobeh
Okawaru
Qazlal
Ru
Sif Muna
Trog
Uskayaw
Vehumet
Wu Jian
Xom
Yredelemnul
Zin
The Shining One
Beogh

Shops:
D:5 }   D:9 (?   Orc:2 }[!(?   Snake:1 [([=   Vaults:2 *


Innate Abilities, Weirdness & Mutations

You reflexively headbutt those who attack you in melee.
You have a pair of horns on your head.
You are partially covered in molten scales. (AC +2)
Your mind is very acute. (Int +4)


Message History

Trog appreciates your killing of a magic user.
You feel extremely nervous for a moment...
You feel clumsy.
* * * LOW HITPOINT WARNING * * *
You feel sick. You block the vampire's attack. x2
* * * LOW HITPOINT WARNING * * *
You feel sick.
You block the freezing wraith's attack. x2
The greater mummy barely misses you. You furiously retaliate!
You headbutt the greater mummy!
You see here a potion of heal wounds.
l - a potion of heal wounds You feel a strong urge to attack something.
* * * LOW HITPOINT WARNING * * *
You feel sick. You block the freezing wraith's attack.
The freezing wraith hits you but does no damage.
You are too berserk!
You devastate the greater mummy!!!
You burn the greater mummy! You headbutt the greater mummy!
The greater mummy is moderately damaged.
You die...

#.......#.# #.# #.#
####.##+###..
.......)...#
#.........# #..#####..#
#..#...#..# #@V'...#..#
#MW#...#..# #Z.###'#..#
...............#
...............########
..........(............
M........[.............
.......................
.......................


You could see a greater mummy, a freezing wraith, a vampire and a storm dragon
simulacrum.

Vanquished Creatures
  Khufu (Crypt:1)
  An ancient lich (Vaults:5)
  2 greater mummies (Crypt:1)
  the Lernaean hydra (Swamp:4)
  Saint Roka (Vaults:4)
  Bai Suzhen (Swamp:3)
  Margery (Vaults:3)
  A golden dragon (Vaults:5)
  A lich (Vaults:5)
  2 tentacled monstrosities
  Rupert (Orc:2)
  Jorgrun (Orc:1)
  3 titans (Vaults:5)
  An ancient champion (Crypt:1)
  4 shadow dragons (Vaults:5)
  2 sphinxes (Vaults:5)
  Frances (Swamp:1)
  4 tengu reavers
  Kirke (D:11)
  Roxanne (Swamp:4)
  A storm dragon (Vaults:5)
  Donald (Orc:2)
  8 nagarajas
  An azure jelly (shapeshifter) (Vaults:5)
  2 frost giants
  3 fire giants (Vaults:5)
  Aizul (Swamp:4)
  4 deep elf sorcerers
  An orc warlord (Orc:2)
  16 vault wardens
  3 iron dragons (Vaults:5)
  7 ghouls
  A curse skull (Crypt:1)
  2 war gargoyles (Vaults:5)
  2 very ugly things
  An entropy weaver (Vaults:4)
  12 stone giants
  4 vampire knights (Crypt:2)
  18 ironheart preservers
  A minotaur (Gauntlet)
  A deep elf annihilator (Vaults:2)
  A dire elephant (Lair:3)
  4 eidola
  8 ettins
  Josephine (Orc:1)
  A death ooze (Swamp:4)
  7 great orbs of eyes
  A crystal guardian (Vaults:3)
  6 jiangshi (Crypt:2)
  4 fire dragons
  8 deep elf death magi
  4 green deaths
  15 yaktaur captains
  A deep elf high priest (Vaults:5)
  31 vault guards
  Harold (Orc:1)
  7 ice dragons
  17 hydras
  A quicksilver dragon skeleton (Vaults:5)
  4 ghost crabs
  2 shambling mangroves
  9 naga warriors
  A catoblepas (Lair:3)
  7 centaur warriors
  7 anacondas
  A hell beast (Swamp:4)
  10 alligators
  A death knight (Vaults:1)
  12 ogre magi
  42 two-headed ogres
  A deep troll shaman (Vaults:5)
  2 death yaks (Lair:5)
  A deep troll earth mage (Vaults:1)
  5 vampire magi
  A dancing weapon (Vaults:5)
  An orc high priest (Orc:2)
  14 naga sharpshooters
  A shock serpent (shapeshifter) (Vaults:5)
  11 deep elf knights
  7 shock serpents
  Nergalle (Orc:1)
  Sonja (Lair:5)
  2 storm dragon zombies
  A shadow wraith (Vaults:4)
  3 unseen horrors
  31 skeletal warriors
  2 salamander mystics
  3 glowing orange brains
  3 hell knights
  12 deep trolls
  An orange crystal statue (Gauntlet)
  9 swamp dragons
  A harpy (shapeshifter) (Vaults:4)
  A spark wasp zombie (D:15)
  Pikel (D:4)
  5 phantasmal warriors
  A small abomination (Vaults:3)
  18 orc knights
  7 necromancers
  An orb spider (shapeshifter) (Vaults:3)
  2 lindwurms
  10 naga ritualists
  4 flayed ghosts
  3 wizards (Vaults:3)
  16 deep elf magi
  A wolf spider zombie (D:14)
  A golden dragon skeleton (Vaults:5)
  2 stone giant zombies
  6 cyclopes
  A cyclops (shapeshifter) (Vaults:3)
  5 deep elf archers
  34 ugly things
  24 ironbrand convokers
  12 mana vipers
  6 oklob plants
  4 orc sorcerers
  6 wolf spiders
  A frost giant zombie (D:15)
  8 salamanders
  A manticore (D:15)
  3 guardian serpents
  6 elephants
  3 ice statues (IceCv)
  12 vault sentinels
  18 naga magi
  Maurice (D:12)
  A fire giant skeleton (Crypt:2)
  35 black mambas
  A guardian serpent (shapeshifter) (Vaults:5)
  2 torpor snails
  3 gargoyles
  17 spiny frogs
  3 molten gargoyles (Lair:6)
  2 orange demons (Swamp:4)
  2 kobold demonologists
  5 rime drakes
  An efreet (D:14)
  32 yaktaurs
  13 komodo dragons
  11 freezing wraiths
  18 hornets
  4 polar bears (Lair:6)
  A wind drake (shapeshifter) (Vaults:5)
  15 trolls
  A troll (shapeshifter) (D:14)
  20 blink frogs
  53 slime creatures
  12 hippogriffs
  16 tyrant leeches
  A fire dragon zombie (D:15)
  A hippogriff (shapeshifter) (D:15)
  A meliai zombie (D:15)
  10 bog bodies
  A centaur simulacrum (D:15)
  7 shadows
  3 redbacks (Vaults:4)
  An alligator skeleton (Crypt:2)
  A tarantella (shapeshifter) (D:12)
  5 wraiths
  6 spriggans
  6 wyverns
  5 basilisks
  73 yaks
  A golden eye (shapeshifter) (Vaults:2)
  A hog (shapeshifter) (Vaults:1)
  A steam dragon (Lair:6)
  A human simulacrum (Vaults:1)
  4 hungry ghosts
  3 humans (shapeshifter)
  4 insubstantial wisps (Swamp:1)
  13 vampire mosquitoes
  3 large abominations (Swamp:4)
  18 swamp worms
  A soldier ant (D:15)
  13 wargs
  60 nagas
  5 hell hounds (Lair:6)
  2 acid dragons
  A soldier ant (shapeshifter) (Vaults:2)
  A deep troll skeleton (Vaults:2)
  5 porcupines
  28 water moccasins
  74 orc warriors
  18 ice beasts
  4 phantoms
  6 swamp drakes
  A black bear (D:8)
  3 sky beasts
  3 eyes of draining
  30 ogres
  11 centaurs
  6 wolves (Lair:3)
  4 boggarts (Vaults:3)
  9 crocodiles
  2 human skeletons
  Blork the orc (D:6)
  A glowing shapeshifter simulacrum (Vaults:2)
  16 bullfrogs
  A gnoll sergeant (Orc:2)
  A yaktaur skeleton (Crypt:1)
  2 scorpions
  A water moccasin skeleton (D:9)
  14 killer bees
  9 howler monkeys
  7 wights
  7 electric eels
  11 crimson imps
  2 bullfrog zombies
  6 lava snakes
  6 centaur zombies
  16 jellies
  8 hounds
  33 orc priests
  2 bullfrog skeletons
  10 centaur skeletons
  4 iguanas
  A gnoll shaman (D:6)
  2 hell rats (Lair:3)
  30 orc wizards
  7 worker ants
  A killer bee zombie (D:7)
  4 hound zombies
  A howler monkey zombie (D:9)
  Robin (D:4)
  3 howler monkey skeletons
  21 adders
  10 gnolls
  11 river rats (Lair:3)
  2 shadow imps
  2 adder zombies
  A lava snake zombie (Crypt:2)
  2 adder skeletons
  A worm (D:2)
  A dart slug (D:1)
  8 leopard geckos
  143 orcs
  9 bats
  4 giant cockroaches
  11 hobgoblins
  18 jackals
  9 quokkas
  2 ball pythons
  4 frilled lizards
  19 goblins
  2 jackal zombies
  3 kobolds
  A leopard gecko skeleton (D:8)
  2 quokka zombies
  11 rats
  3 plants
1906 creatures vanquished.

Vanquished Creatures (collateral kills)
  A hippogriff (D:11)
  4 yaks
  A basilisk (D:11)
  2 orc warriors
  A crocodile (D:11)
  An orc wizard (D:9)
  An adder zombie (D:9)
  An orc (D:9)
12 creatures vanquished.

Vanquished Creatures (others)
  An ironbrand convoker (Vaults:5)
  2 hornets
  A bog body (Swamp:1)
  A swamp drake (Swamp:4)
  A bullfrog (D:11)
  A howler monkey (D:13)
  A goblin (D:4)
  2 demonic plants (Gauntlet)
  4 fungi
  4 plants
  7 toadstools (Lair:3)
  2 withered plants (D:15)
27 creatures vanquished.

Grand Total: 1945 creatures vanquished

Notes
Turn   | Place    | Note
-------+----------+-------------------------------------------
     0 | D:1      | StormphoenixUK the Minotaur Berserker began the quest for
                  | the Orb.
     0 | D:1      | Reached XP level 1. HP: 19/19 MP: 0/0
    69 | D:1      | Reached XP level 2. HP: 23/26 MP: 1/1
   625 | D:1      | Reached skill level 5 in Maces & Flails
   630 | D:1      | Reached XP level 3. HP: 23/31 MP: 2/2
   761 | D:2      | Found a shadowy altar of Dithmenos.
   798 | D:2      | Found a blossoming altar of Fedhas.
   918 | D:2      | Reached ** piety under Trog
  1209 | D:3      | Reached XP level 4. HP: 25/39 MP: 3/3
  1397 | D:3      | Found a shimmering altar of Xom.
  1625 | D:3      | Found a glowing silver altar of Zin.
  1641 | D:3      | Reached XP level 5. HP: 45/45 MP: 4/4
  2329 | D:4      | Found a radiant altar of Vehumet.
  2341 | D:4      | Noticed Robin
  2360 | D:4      | Reached *** piety under Trog
  2361 | D:4      | Killed Robin
  2558 | D:4      | Reached XP level 6. HP: 51/51 MP: 3/5
  2617 | D:4      | Noticed a slave
  2617 | D:4      | Noticed a slave
  2621 | D:4      | Noticed Pikel
  2627 | D:4      | Noticed a slave
  2628 | D:4      | Noticed a slave
  2633 | D:4      | Killed Pikel
  2633 | D:4      | Reached skill level 10 in Maces & Flails
  2633 | D:4      | Reached XP level 7. HP: 47/57 MP: 4/6
  3185 | D:5      | Entered Level 5 of the Dungeon
  3215 | D:5      | Noticed a hippogriff
  3232 | D:5      | Killed a hippogriff
  3232 | D:5      | Reached XP level 8. HP: 47/64 MP: 4/7
  3566 | D:5      | Reached **** piety under Trog
  3690 | D:5      | Reached skill level 2 in Shields
  3896 | D:5      | Found a bloodstained altar of Trog.
  4008 | D:5      | Found an opulent altar of Gozag.
  4027 | D:5      | Found Howeada's Gadget Shoppe.
  4048 | D:5      | Found a white marble altar of Elyvilon.
  4056 | D:5      | Reached skill level 3 in Shields
  4080 | D:5      | Reached skill level 4 in Shields
  4603 | D:6      | Noticed Blork the orc
  4620 | D:6      | Killed Blork the orc
  4620 | D:6      | Reached skill level 5 in Shields
  4806 | D:6      | Found a shimmering blue altar of Sif Muna.
  4886 | D:6      | Reached XP level 9. HP: 31/70 MP: 4/8
  5073 | D:6      | Found a hide-covered altar of Uskayaw.
  5268 | D:6      | Found a white marble altar of Elyvilon.
  5609 | D:7      | Got a twisted rapier
  5617 | D:7      | Identified the +5 rapier "Wimpog" {freeze, *Corrode rPois
                  | rN+++ Int+2} (You found it on level 7 of the Dungeon)
  5815 | D:7      | Found a basalt altar of Yredelemnul.
  5895 | D:7      | Found a staircase to the Ecumenical Temple.
  5904 | Temple   | Entered the Ecumenical Temple
  6833 | D:8      | Reached skill level 6 in Shields
  6849 | D:8      | Reached skill level 7 in Shields
  7257 | D:8      | Reached skill level 8 in Shields
  7573 | D:8      | Found a shattered altar of Ashenzari.
  7670 | D:9      | Reached skill level 9 in Shields
  7844 | D:9      | Reached XP level 10. HP: 59/77 MP: 9/9
  7859 | D:9      | Found Pulaer's Weapon Shoppe.
  7861 | D:9      | Found a staircase to the Orcish Mines.
  7930 | D:9      | Reached skill level 10 in Shields
  8509 | D:9      | Found a sparkling altar of Nemelex Xobeh.
  8615 | D:9      | Found Hetwuph's Magic Scroll Shop.
  8639 | D:9      | Got a bloodstained robe
  8640 | D:9      | Identified the +2 robe "Bupept" {Regen+} (You found it on
                  | level 9 of the Dungeon)
  8689 | D:9      | Found a hazy altar of Hepliaklqana.
  9026 | D:9      | Reached skill level 5 in Armour
  9057 | D:10     | Entered Level 10 of the Dungeon
  9116 | D:10     | Reached ***** piety under Trog
  9116 | D:10     | Received a gift from Trog
  9300 | D:10     | Reached skill level 11 in Shields
  9458 | D:10     | Noticed a sixfirhy
  9464 | D:10     | Noticed a soul eater
  9828 | D:10     | Found a sparkling altar of Nemelex Xobeh.
  9938 | D:11     | Found a glowing golden altar of the Shining One.
  9951 | D:11     | Noticed a gargoyle
  9954 | D:11     | Reached skill level 12 in Shields
  9962 | D:11     | Killed a gargoyle
  9962 | D:11     | Reached XP level 11. HP: 60/82 MP: 7/10
 10268 | D:11     | Noticed a two-headed ogre
 10288 | D:11     | Killed a two-headed ogre
 10289 | D:11     | Noticed a green ugly thing
 10302 | D:11     | Killed a green ugly thing
 10429 | D:11     | Found a staircase to the Lair.
 10548 | D:11     | Reached skill level 13 in Shields
 10741 | D:11     | Noticed a two-headed ogre
 10741 | D:11     | Noticed a two-headed ogre
 10743 | D:11     | Killed a two-headed ogre
 10743 | D:11     | Reached skill level 10 in Armour
 10747 | D:11     | Killed a two-headed ogre
 11188 | Lair:1   | Entered Level 1 of the Lair of Beasts
 11485 | Lair:1   | Reached skill level 14 in Shields
 11848 | Lair:2   | Noticed a lindwurm
 11866 | Lair:2   | Killed a lindwurm
 12131 | Lair:2   | Reached XP level 12. HP: 79/90 MP: 11/11
 12577 | Lair:2   | Received a gift from Trog
 12592 | Lair:2   | Got a steaming demon whip {god gift}
 12744 | Lair:2   | Identified the +0 demon whip "Kialache" {flame, rElec rF-
                  | Str+3} (Trog gifted it to you on level 2 of the Lair of
                  | Beasts)
 12754 | Lair:2   | Noticed a six-headed hydra
 12769 | Lair:2   | Killed a six-headed hydra
 12904 | Lair:2   | Reached skill level 15 in Shields
 13209 | Lair:2   | Reached skill level 5 in Fighting
 13817 | Lair:3   | Received a gift from Trog
 13820 | Lair:3   | Got a brightly glowing demon whip {god gift}
 13821 | Lair:3   | Identified the +6 demon whip of Trog's Brutal Revenge
                  | {flame, rN+ MR+} (Trog gifted it to you on level 3 of the
                  | Lair of Beasts)
 13882 | Lair:3   | Found a staircase to the Snake Pit.
 14205 | Lair:3   | Noticed a six-headed hydra
 14206 | Lair:3   | Noticed a four-headed hydra
 14214 | Lair:3   | Killed a six-headed hydra
 14220 | Lair:3   | Killed a four-headed hydra
 14383 | Lair:3   | Found a staircase to the Swamp.
 14484 | Lair:3   | Noticed a catoblepas
 14484 | Lair:3   | Noticed a dire elephant
 14507 | Lair:3   | Found a runed translucent door.
 14721 | Lair:3   | Reached XP level 13. HP: 103/105 MP: 12/12
 15034 | Lair:3   | Received a gift from Trog
 15034 | Lair:3   | Reached skill level 16 in Shields
 15042 | Lair:3   | Killed a dire elephant
 15192 | Lair:3   | Got a bloodstained demon whip {god gift}
 15220 | Lair:3   | Got a citrine-encrusted scale mail
 15221 | Lair:3   | Identified the +9 demon whip "Xati" {flame, rF++ Int+4}
                  | (Trog gifted it to you on level 3 of the Lair of Beasts)
 15232 | Lair:3   | Identified the +1 scale mail "Feluim" {+Fly rF- Slay+4}
                  | (You found it on level 3 of the Lair of Beasts)
 15345 | Lair:4   | Reached skill level 1 in Evocations
 16778 | Lair:5   | Found a staircase to the Slime Pits.
 17135 | Lair:5   | Noticed Sonja
 17144 | Lair:5   | Killed Sonja
 17651 | Lair:5   | Received a gift from Trog
 18268 | Lair:6   | Entered Level 6 of the Lair of Beasts
 18308 | Lair:6   | Reached XP level 14. HP: 119/119 MP: 16/16
 18320 | Lair:6   | Found a gate leading to a gauntlet.
 18334 | Lair:6   | Reached skill level 10 in Fighting
 18337 | Gauntlet | Entered a Gauntlet
 18337 | Gauntlet | Found a transporter.
 18358 | Gauntlet | Found a transporter.
 18367 | Gauntlet | Found a transporter.
 18368 | Gauntlet | Found a transporter.
 18379 | Gauntlet | Found a transporter.
 18384 | Gauntlet | Found a transporter.
 18420 | Gauntlet | Found a transporter.
 18421 | Gauntlet | Found a transporter.
 18485 | Gauntlet | Found a transporter.
 18515 | Gauntlet | Found a transporter.
 18553 | Gauntlet | Got a fine lapis lazuli ring
 18555 | Gauntlet | Got a bronze leather armour
 18558 | Gauntlet | Found a transporter.
 18630 | Gauntlet | Identified the ring "Soisasm" {rCorr Stlth+} (You found it
                  | in a Gauntlet)
 18631 | Gauntlet | Identified the +4 leather armour of Nemelex Xobeh's Fury
                  | {Regen+ Str+3} (You found it in a Gauntlet)
 18638 | Lair:6   | Reached skill level 15 in Armour
 18645 | Lair:6   | Reached skill level 17 in Shields
 19017 | Lair:6   | Reached skill level 5 in Evocations
 19270 | Lair:6   | Found a large runed translucent door.
 19271 | Lair:6   | Found a large runed translucent door.
 19471 | Lair:6   | Received a gift from Trog
 20425 | D:12     | Got a crude whip
 20542 | D:12     | Noticed Kirke
 20850 | D:11     | Killed Kirke
 20933 | D:12     | Noticed Maurice
 20943 | D:12     | Killed Maurice
 21279 | D:12     | Received a gift from Trog
 21825 | D:13     | Reached skill level 18 in Shields
 21834 | D:13     | Reached XP level 15. HP: 111/132 MP: 11/18
 21836 | D:13     | Received a gift from Trog
 22408 | D:13     | Got a blackened spear
 22759 | D:14     | Found a gate to the Vaults.
 23242 | D:14     | Identified the +11 whip of Ru's Esteem {venom, MR+ SInv}
                  | (You found it on level 12 of the Dungeon)
 23272 | D:15     | Entered Level 15 of the Dungeon
 23362 | D:15     | Found a staircase to the Depths.
 23368 | D:15     | Received a gift from Trog
 23859 | D:15     | Found a frozen archway.
 23900 | IceCv    | Entered an ice cave
 24064 | D:15     | Identified the +5 spear "Xirure" {antimagic, rF- MR+ Str+2}
                  | (You found it on level 13 of the Dungeon)
 24210 | D:15     | Reached skill level 19 in Shields
 24338 | D:15     | Received a gift from Trog
 24415 | D:15     | Found a burning altar of Makhleb.
 24632 | Orc:1    | Entered Level 1 of the Orcish Mines
 24639 | Orc:1    | Noticed Nergalle
 24639 | Orc:1    | Noticed Jorgrun
 24659 | Orc:1    | Killed Jorgrun
 24659 | Orc:1    | Reached XP level 16. HP: 105/146 MP: 9/19
 24662 | Orc:1    | Killed Nergalle
 24681 | Orc:1    | Noticed Josephine
 24689 | Orc:1    | Killed Josephine
 24788 | Orc:1    | Found a flagged portal.
 24794 | Bailey   | Entered a bailey
 25094 | Orc:1    | Noticed Harold
 25107 | Orc:1    | Killed Harold
 25320 | Orc:2    | Entered Level 2 of the Orcish Mines
 25368 | Orc:2    | Received a gift from Trog
 25751 | Orc:2    | Found a roughly hewn altar of Beogh.
 25752 | Orc:2    | Found Qiwual's Magic Scroll Emporium.
 25809 | Orc:2    | Noticed Rupert
 25810 | Orc:2    | Paralysed by Rupert for 5 turns
 25831 | Orc:2    | Killed Rupert
 25939 | Orc:2    | Found a roughly hewn altar of Beogh.
 26007 | Orc:2    | Found Mitoleoc's Gadget Emporium.
 26061 | Orc:2    | Found a roughly hewn altar of Beogh.
 26108 | Orc:2    | Noticed Donald
 26118 | Orc:2    | Killed Donald
 26141 | Orc:2    | Found a staircase to the Elven Halls.
 26150 | Orc:2    | Received a gift from Trog
 26163 | Orc:2    | Found a roughly hewn altar of Beogh.
 26166 | Orc:2    | Found Nuzxun's Distillery.
 26278 | Orc:2    | Found a roughly hewn altar of Beogh.
 26377 | Orc:2    | Found Ashrin's Antique Armour Shoppe.
 26380 | Orc:2    | Found a roughly hewn altar of Beogh.
 26382 | Orc:2    | Found Adavycsi's Antique Weapon Emporium.
 26417 | Orc:2    | Bought a spiked cloak for 332 gold pieces
 26427 | Orc:2    | Identified the +3 cloak of Light {rC+ Str+10 Int+3} (You
                  | bought it in a shop on level 2 of the Orcish Mines)
 26895 | Snake:1  | Entered Level 1 of the Snake Pit
 26930 | Snake:1  | Reached skill level 15 in Fighting
 26953 | Snake:1  | Received a gift from Trog
 27054 | Snake:1  | Got an ichor-stained quarterstaff
 27220 | Snake:1  | Found Ydorchuq's Antique Armour Emporium.
 27220 | Snake:1  | Found Hyjuusir's Weapon Shoppe.
 27221 | Snake:1  | Found Vismaewk's Jewellery Emporium.
 27223 | Snake:1  | Found Wyulaj's Antique Armour Shoppe.
 27231 | Snake:1  | Bought an ancient chain mail for 294 gold pieces
 27249 | Snake:1  | Identified the +1 chain mail of Calculation {rC+ Str-5 SInv
                  | Stlth+} (You bought it in a shop on level 1 of the Snake
                  | Pit)
 27251 | Snake:1  | Bought a brightly glowing chain mail for 370 gold pieces
 27261 | Snake:1  | Identified the cursed +0 chain mail "Tuiti" {+Fly} (You
                  | bought it in a shop on level 1 of the Snake Pit)
 27389 | Snake:1  | Reached skill level 20 in Shields
 28062 | Snake:2  | Received a gift from Trog
 28232 | Snake:2  | Reached XP level 17. HP: 129/158 MP: 20/20
 28668 | Snake:2  | Reached skill level 5 in Dodging
 29156 | Snake:3  | Found a runed translucent door.
 29621 | Snake:3  | Identified Ceimm's Tome of Shape Shifting
 29652 | Snake:3  | Received a gift from Trog
 30576 | Snake:3  | Identified the cursed +3 quarterstaff "Fieklood" {flame,
                  | Int+5 Dex+6} (You found it on level 1 of the Snake Pit)
 30632 | Snake:4  | Entered Level 4 of the Snake Pit
 30952 | Snake:4  | Reached skill level 21 in Shields
 31315 | Snake:4  | Received a gift from Trog
 32423 | Snake:4  | Got a serpentine rune of Zot
 32653 | Swamp:1  | Entered Level 1 of the Swamp
 32692 | Swamp:1  | Noticed Frances
 32704 | Swamp:1  | Killed Frances
 33061 | Swamp:1  | Reached XP level 18. HP: 170/170 MP: 21/21
 33248 | Swamp:1  | Received a gift from Trog
 33923 | Swamp:2  | Found a hazy altar of Hepliaklqana.
 34321 | Swamp:2  | Identified a scroll of acquirement
 34321 | Swamp:2  | Identified the +3 morningstar of Division {vorpal, rC+++
                  | rN+} (You acquired it on level 2 of the Swamp)
 34739 | Swamp:3  | Received a gift from Trog
 35122 | Swamp:3  | Gained mutation: You are partially covered in molten
                  | scales. (AC +2) [potion of mutation]
 35122 | Swamp:3  | Gained mutation: Your mind is acute. (Int +2) [potion of
                  | mutation]
 35122 | Swamp:3  | Gained mutation: Your mind is very acute. (Int +4) [potion
                  | of mutation]
 35143 | Swamp:4  | Entered Level 4 of the Swamp
 35163 | Swamp:4  | Noticed Aizul
 35272 | Swamp:4  | Killed Aizul
 35272 | Swamp:4  | Reached skill level 10 in Dodging
 35343 | Swamp:4  | Noticed Bai Suzhen
 36134 | Swamp:3  | Killed Bai Suzhen
 36728 | Swamp:4  | Reached skill level 22 in Shields
 36950 | Swamp:4  | Received a gift from Trog
 37016 | Swamp:4  | Noticed the 27-headed Lernaean hydra
 37425 | Swamp:4  | Killed the 27-headed Lernaean hydra
 38142 | Swamp:4  | Got a decaying rune of Zot
 38726 | Swamp:4  | Noticed Roxanne
 38791 | Swamp:4  | Killed Roxanne
 39068 | Vaults:1 | Entered Level 1 of the Vaults
 39824 | Vaults:1 | Reached XP level 19. HP: 181/181 MP: 22/22
 39830 | Vaults:1 | Received a gift from Trog
 41118 | Vaults:2 | Found Ypseof's Assorted Antiques.
 41124 | Vaults:2 | Received a gift from Trog
 41249 | Vaults:2 | Identified the cursed ring of Povohio {MR++ AC-3}
 41300 | Vaults:2 | Reached skill level 15 in Maces & Flails
 41673 | Vaults:2 | Received a gift from Trog
 41692 | Vaults:2 | Reached skill level 23 in Shields
 41733 | Vaults:2 | Got a fine morningstar {god gift}
 41829 | Vaults:2 | Identified the +12 morningstar of the Demagogue {flame, rF+
                  | Int+2 Dex+3} (Trog gifted it to you on level 2 of the
                  | Vaults)
 42306 | Vaults:2 | Received a gift from Trog
 42622 | Vaults:2 | Reached XP level 20. HP: 169/193 MP: 17/23
 42810 | Vaults:2 | Reached ****** piety under Trog
 43391 | Vaults:3 | Received a gift from Trog
 43430 | Vaults:3 | Noticed Margery
 43461 | Vaults:3 | Killed Margery
 43847 | Vaults:3 | Found a staircase to the Crypt.
 44183 | Vaults:3 | Received a gift from Trog
 45007 | Vaults:4 | Received a gift from Trog
 45193 | Vaults:4 | Got a slimy demon whip {god gift}
 45194 | Vaults:4 | Identified the +13 demon whip of Purpose {flame, rElec
                  | Int+2 Stlth+} (Trog gifted it to you on level 4 of the
                  | Vaults)
 45460 | Vaults:4 | Noticed Saint Roka
 45482 | Vaults:4 | Killed Saint Roka
 45874 | Vaults:4 | Received a gift from Trog
 46044 | Vaults:4 | Reached XP level 21. HP: 161/203 MP: 24/24
 46093 | Vaults:4 | Reached skill level 24 in Shields
 46784 | Vaults:5 | Entered Level 5 of the Vaults
 46860 | Vaults:5 | Received a gift from Trog
 47499 | Vaults:5 | Received a gift from Trog
 47676 | Vaults:5 | Noticed a golden dragon
 47700 | Vaults:5 | Killed a golden dragon
 47782 | Vaults:5 | Identified the +12 plate armour of the Dungeon {Dex+5}
 47856 | Vaults:5 | Identified the +9 hand axe "Henexu" {vorpal, rElec rF+++
                  | Int-3}
 47856 | Vaults:5 | Identified the amulet "Ichal" {Faith rPois Int-3 Dex+6}
 48169 | Vaults:5 | Identified the amulet "Rar Emo" {Regen+ SInv}
 48198 | Vaults:5 | Identified the +8 mace of Beyond {flame, +Fly rElec Str+4}
 48243 | Vaults:5 | Received a gift from Trog
 48308 | Vaults:5 | Reached XP level 22. HP: 164/214 MP: 19/25
 48313 | Vaults:5 | Identified the +10 trident of Fate {flame, rF+++ rC- rN+
                  | Str+5}
 48586 | Vaults:5 | Identified the +10 dagger of Doom {vorpal, *Rage *Noise
                  | rN+++ MR+++ Str+4}
 48977 | Vaults:5 | Identified the Volume of Shape Shifting
 49028 | Vaults:5 | Identified the ring "Woitoc" {+Inv rF+ Dex+3 SInv}
 49168 | Vaults:5 | Noticed an ancient lich
 49183 | Vaults:5 | Killed an ancient lich
 49183 | Vaults:5 | Received a gift from Trog
 49183 | Vaults:5 | Reached skill level 25 in Shields
 49916 | Vaults:5 | Found the -2 hat of the Alchemist {rElec rPois rF+ rC+ rN+
                  | MR+ rMut rCorr}
 49967 | Vaults:5 | Got a silver rune of Zot
 50160 | Vaults:5 | Got a dazzling flail
 50161 | Vaults:5 | Identified the cursed +0 flail of Grace {flame, rF- MR+
                  | Dex+2} (You found it on level 5 of the Vaults)
 50205 | Vaults:5 | Got a bone spear
 50206 | Vaults:5 | Identified the +1 spear of the Enemy {drain, MR+} (You
                  | found it on level 5 of the Vaults)
 50305 | Crypt:1  | Entered Level 1 of the Crypt
 50379 | Crypt:1  | Got a brightly glowing hand axe
 50380 | Crypt:1  | Identified the +9 hand axe "Nuilad" {freeze, rElec Str+3
                  | Dex-5 Stlth+} (You found it on level 1 of the Crypt)
 50642 | Crypt:1  | You fall into a shaft and drop 1 floor!
 50654 | Crypt:2  | Received a gift from Trog
 51073 | Crypt:1  | Noticed Khufu
 51073 | Crypt:1  | Noticed a greater mummy
 51073 | Crypt:1  | Noticed a greater mummy
 51073 | Crypt:1  | Noticed a greater mummy
 51469 | Crypt:1  | Killed a greater mummy
 51485 | Crypt:1  | Killed a greater mummy
 51485 | Crypt:1  | Reached XP level 23. HP: 46/225 MP: 6/26
 51490 | Crypt:1  | HP: 6/337 [Khufu/divine providence (13)]
 51492 | Crypt:1  | Killed Khufu
 51492 | Crypt:1  | Received a gift from Trog
 51493 | Crypt:1  | HP: 2/337 [poisoned by an emperor scorpion]
 51495 | Crypt:1  | Succumbed to an emperor scorpion's poison

Levels and vault maps discovered:
D:1:      psy_arrival_radial02, layout_basic, serial_glass, glass_columns_a,
          glass_columns_c
D:2:      layout_rooms, fedhas_ov_isle_minmay, grunt_dithmenos_smoke_and_mirrors
D:3:      layout_loops_cross, old_standard_altar, overflow_temple_1_default
D:4:      layout_basic, lemuel_doored_altar, first_ration, uniq_robin,
          uniq_pikel
D:5:      minmay_opposing_rooms, layout_basic, marbit_many_paths,
          old_standard_altar, kennysheep_mini_moat, serial_shops,
          nicolae_shop_stone, grunt_ministairs_11, nrook_mini_backslash
D:6:      layout_cave_pools, overflow_temple_1_default, lemuel_crystal_altar,
          elyvilon_altar_3, uniq_blork_the_orc
D:7:      layout_basic, minmay_temple_entry_stoned_glass, the_bakery,
          yredelemnul_altar_generic
D:8:      layout_basic, nicolae_overflow_hidden_temple
D:9:      layout_rooms, lemuel_crystal_altar, lemuel_crystal_altar, orc_david_3,
          serial_shops, nicolae_shop_behind_doors,
          minmay_fractal_squares_diagonal_5
D:10:     layout_big_octagon, nemelex_diamond_rough_becter
D:11:     layout_roguey, david_lair_generic, minmay_ruined_shrine
D:12:     four-leaf_vault, layout_gridville, uniq_kirke, uniq_maurice
D:13:     layout_rooms, kennysheep_dice
D:14:     layout_roguey, david_vaults_2, ebering_dispersal_statue_hall
D:15:     gammafunk_depths_entry_grave, layout_rooms, chequers_jeans,
          portal_ice_cave_entry_ice_beasts, makhleb_altar_promises_db
Temple:   compressed_dpeg_triangle_lava_temple
Lair:1:   layout_roguey, serial_bayou_pond_b, chequers_serial_rivers_micro_b
Lair:2:   lemuel_reptile_caves, layout_hall_layers, serial_bayou_shore_b
Lair:3:   gammafunk_lair_enchanted_lake, layout_chaotic_city,
          palyth_hydra_swamp_entry, minmay_snake_entry_guardpost_small,
          roderic_batcave, minmay_lair_oklob_items, kennysheep_rathole,
          lemuel_fruit_tree
Lair:4:   layout_gridlike, infiniplex_staircase_pool, serial_bayou_shore_a,
          lemuel_fruit_fields
Lair:5:   layout_cave_pods, minmay_slime_entry_jelly_boxes,
          minmay_lair_oklob_chamber, uniq_sonja
Lair:6:   cheibrodos_lair_end_hotspot, layout_regular_city,
          gauntlet_entry_generic, cheibrodos_lair_lostbears
Swamp:1:  layout_basic_swamp, hangedman_swamp_blocks, uniq_frances
Swamp:2:  layout_basic_swamp, evilmike_swamp_ruin_house_2, lemuel_altar_in_water
Swamp:3:  layout_basic_swamp, hangedman_swamp_ruin_wall, swamp_pool3
Swamp:4:  swamp_vile, layout_basic_swamp, infiniplex_staircase_pool_2,
          uniq_aizul, uniq_bai_suzhen, uniq_roxanne
Snake:1:  layout_grid_shapes, st_stairs_1, grunt_ministairs_14, minmay_shoptagon
Snake:2:  layout_grid_maze
Snake:3:  cheibrodos_toxic_ritual, layout_onion
Snake:4:  minmay_snake_end_coiled, layout_cave_town
Orc:1:    layout_diamond_mine, enter_bailey_3, uniq_harold, uniq_nergalle,
          uniq_josephine, uniq_jorgrun
Orc:2:    grunt_orc_community_town_hall, layout_caves,
          grunt_orc_community_big_house_1, grunt_orc_community_big_house_2,
          grunt_orc_community_house_1, grunt_orc_community_house_2,
          grunt_orc_community_house_1, grunt_orc_community_house_1,
          grunt_orc_community_house_1, serial_shops, shop,
          nicolae_orc_crystal_geode, uniq_rupert, uniq_donald
Vaults:1: v_misc_11, ontoclasm_vaults_decontamination, v_pattern_1,
          ontoclasm_vaults_gateway, ontoclasm_vaults_ring_large, v_misc_32,
          vaults_room_stairs_pillars, vaults_room_fancy_cross,
          layout_vaults_chaotic_city
Vaults:2: nicolae_vaults_windows_and_doors_thing, st_star, grunt_vaults_funnel,
          ontoclasm_vaults_hangar, hangedman_vaults_hat, vaults_room_fours,
          hangedman_vaults_stream, v_pattern_5, vaults_dpeg_doors,
          layout_vaults_omnibox, serial_shops, shop
Vaults:3: minmay_crypt_entry_simple_walls, v_misc_25,
          nicolae_vaults_disjoint_gnomons, v_alt_pattern_1,
          hangedman_vaults_capsules, vaults_room_stairs_pillars, v_misc_13,
          ontoclasm_vaults_loading_screen, hangedman_vaults_nails,
          ontoclasm_vaults_shuriken, nicolae_vaults_little_squares_3,
          vaults_room_hallway, layout_vaults_omnicross, uniq_margery
Vaults:4: nicolae_vaults_circle_grid_b, vaults_dpeg_diagonal, v_rooms_4,
          nicolae_vaults_little_squares_4, v_misc_29, ontoclasm_vaults_chip,
          vaults_room_hallway, ontoclasm_vaults_spin, vaults_mumra_hex,
          layout_vaults_omnigrid, uniq_saint_roka
Vaults:5
Crypt:1:  gammafunk_the_bubble [the_bubble_gammafunk_plus_minus],
          layout_chaotic_city, uniq_khufu
Crypt:2:  layout_gridlike, lemuel_elevator, grunt_megastairs_4

Skill      XL: |  1  2  3  4  5  6  7  8  9 10 11 12 13 14 15 16 17 18 19 20 21 22 |
---------------+-------------------------------------------------------------------+-----
Maces & Flails | 4 5 6 8 10 11 13 14 15 16 18 | 18.7
Shields        | 5 9 12 14 15 16 18 19 20 21 22 23 24 25 | 25.6
Armour         | 8 11 13 14 16 17 18 19 20 21 22 | 22.7
Fighting       | 7 9 12 14 15 17 18 19 20 21 22 | 22.8
Evocations     | 4 5 |  5.6
Dodging        | 4 9 11 | 11.7

Action                   |  1- 3 |  4- 6 |  7- 9 | 10-12 | 13-15 | 16-18 | 19-21 | 22-24 || total
-------------------------+-------+-------+-------+-------+-------+-------+-------+-------++-------
Melee: Mace              |    93 |    12 |       |       |       |       |       |       ||   105
       Headbutt          |    14 |    10 |    69 |   141 |   309 |   503 |   601 |   226 ||  1873
       Flail             |       |    85 |       |       |       |       |       |       ||    85
       Whip              |       |       |   198 |       |       |       |       |       ||   198
       Dire flail        |       |       |   198 |    87 |       |       |       |       ||   285
       Morningstar       |       |       |       |   377 |       |       |       |       ||   377
       Demon whip        |       |       |       |   342 |  1310 |  1916 |  1703 |   547 ||  5818
       Unarmed           |       |       |       |       |     2 |       |       |       ||     2
Throw: Dart              |       |       |     9 |    10 |       |    83 |       |       ||   102
Invok: Berserk           |       |     2 |     3 |     5 |     3 |     3 |       |     1 ||    17
       Trog's Hand       |       |       |     1 |     1 |     2 |     2 |     2 |     1 ||     9
       Brothers in Arms  |       |       |       |     2 |     1 |     3 |       |     1 ||     7
  Use: Scroll            |     5 |     6 |    11 |     9 |    17 |    12 |     4 |    11 ||    75
       Potion            |       |     1 |       |     1 |     2 |    24 |     6 |       ||    34
 Stab: Invisible         |       |     3 |       |       |       |       |     6 |       ||     9
       Confused          |       |       |       |       |       |     3 |       |       ||     3
       Distracted        |       |       |       |       |       |     1 |     1 |       ||     2
  Eat: Chunk             |     1 |     7 |    12 |    12 |    17 |    18 |    15 |     3 ||    85
       Ration            |       |       |     2 |     5 |     6 |    11 |     4 |     3 ||    31
Armor: Animal skin       |     4 |       |       |       |       |       |       |       ||     4
       Ring mail         |    31 |     1 |       |       |       |       |       |       ||    32
       Chain mail        |       |    38 |   110 |       |       |   465 |   185 |    10 ||   808
       Plate armour      |       |       |       |   230 |    24 |       |       |       ||   254
       Scale mail        |       |       |       |       |   228 |    44 |       |       ||   272
       Gold dragon scale |       |       |       |       |       |       |       |    71 ||    71
Dodge: Dodged            |    54 |    42 |   104 |    96 |   155 |   422 |   275 |    76 ||  1224
Block: Tower shield      |       |       |       |   554 |   829 |  1760 |  1252 |   455 ||  4850

Table legend:
 A = Non-vault XP
 B = Vault XP
 C = Vault XP percentage of total XP
 D = Non-vault monster count
 E = Vault monster count
 F = Vault count percentage of total count
                 A         B        C        D         E       F
            +---------+---------+-------+---------+---------+-------
      Total |  485960 |  370215 |  43.2 |    1283 |     634 |  33.1
            +---------+---------+-------+---------+---------+-------
        D:1 |      42 |       0 |   0.0 |      24 |       0 |   0.0
        D:2 |      35 |       0 |   0.0 |      12 |       0 |   0.0
        D:3 |     130 |       0 |   0.0 |      24 |       0 |   0.0
        D:4 |     255 |     710 |  73.6 |      14 |      13 |  48.1
        D:5 |    1054 |     374 |  26.2 |      31 |      10 |  24.4
        D:6 |     492 |      94 |  16.0 |      12 |       1 |   7.7
        D:7 |     317 |     215 |  40.4 |      13 |       1 |   7.1
        D:8 |    1206 |       0 |   0.0 |      24 |       0 |   0.0
        D:9 |    1606 |     664 |  29.3 |      28 |      12 |  30.0
       D:10 |    3021 |       0 |   0.0 |      25 |       0 |   0.0
       D:11 |    6018 |    3610 |  37.5 |      36 |      12 |  25.0
       D:12 |    6088 |    4732 |  43.7 |      46 |      17 |  27.0
       D:13 |   10809 |    1063 |   9.0 |      49 |       3 |   5.8
       D:14 |   10703 |    1773 |  14.2 |      30 |       3 |   9.1
       D:15 |   20675 |    6278 |  23.3 |      47 |      16 |  25.4
     Lair:1 |    2149 |     935 |  30.3 |       7 |       3 |  30.0
     Lair:2 |    7611 |    3257 |  30.0 |      31 |      31 |  50.0
     Lair:3 |    4798 |    8369 |  63.6 |      27 |      40 |  59.7
     Lair:4 |    8379 |       0 |   0.0 |      27 |       0 |   0.0
     Lair:5 |    6377 |    4451 |  41.1 |      21 |      21 |  50.0
     Lair:6 |    8444 |    7864 |  48.2 |      31 |      28 |  47.5
    Swamp:1 |   12074 |    2189 |  15.3 |      28 |       1 |   3.4
    Swamp:2 |    9093 |       0 |   0.0 |      26 |       0 |   0.0
    Swamp:3 |    8704 |    4988 |  36.4 |      25 |       1 |   3.8
    Swamp:4 |   18147 |   28659 |  61.2 |      47 |      34 |  42.0
    Snake:1 |   14983 |    1192 |   7.4 |      31 |       3 |   8.8
    Snake:2 |   27771 |       0 |   0.0 |      50 |       0 |   0.0
    Snake:3 |   16256 |    6455 |  28.4 |      30 |      12 |  28.6
    Snake:4 |   11345 |   23532 |  67.5 |      17 |      44 |  72.1
      Orc:1 |    2294 |    6266 |  73.2 |      23 |      11 |  32.4
      Orc:2 |    7721 |   11179 |  59.1 |      55 |      72 |  56.7
   Vaults:1 |   35235 |    4005 |  10.2 |      63 |       6 |   8.7
   Vaults:2 |   54009 |   34607 |  39.1 |      87 |      45 |  34.1
   Vaults:3 |   25040 |   15700 |  38.5 |      45 |      26 |  36.6
   Vaults:4 |   33223 |   29438 |  47.0 |      58 |      35 |  37.6
   Vaults:5 |   61868 |  127144 |  67.3 |      81 |      91 |  52.9
    Crypt:1 |   19048 |   20976 |  52.4 |      22 |       3 |  12.0
    Crypt:2 |   28940 |    1473 |   4.8 |      36 |       2 |   5.3
     Bailey |       0 |    1694 | 100.0 |       0 |      18 | 100.0
      IceCv |       0 |    3288 | 100.0 |       0 |      11 | 100.0
   Gauntlet |       0 |    3041 | 100.0 |       0 |       8 | 100.0
            +---------+---------+-------+---------+---------+-------
